 Dungeon Crawl Stone Soup version 0.31.0-11-ge490571c62 (webtiles) character file.

Game seed: 8645776563844239042

353 qw the Ducker (level 6, 0/30 HPs)
             Began as a Spriggan Hunter on Feb 3, 2024.
             Was an Initiate of Okawaru.
             Slain by a black bear (11 damage)
             ... on level 4 of the Dungeon.
             The game lasted 00:00:13 (2838 turns).

qw the Ducker (Spriggan Hunter)                     Turns: 2838, Time: 00:00:13

Health: 0/30       AC:  2    Str:  7    XL:     6   Next: 35%
Magic:  7/7        EV: 22    Int: 10    God:    Okawaru [......]
Gold:   156        SH:  0    Dex: 21    Spells: 5/5 levels left

rFire   . . .        a - +1 shortbow
rCold   + . .        (shield currently unavailable)
rNeg    . . .        c - +0 robe
rPois   +            (helmet restricted)
rElec   .            (no cloak)
rCorr   .            (gloves unavailable)
SInv    +            (boots unavailable)
Will    +....        (no amulet)
Stlth   ++           l - ring of protection from cold
HPRegen 0.25/turn    g - ring of poison resistance
MPRegen 0.10/turn

%: no passive effects
@: hasted, very quick
A: very small, no large weapons, unfitting armour, see invisible, speed 3
a: Renounce Religion


You were on level 4 of the Dungeon.
You worshipped Okawaru.
Okawaru was noncommittal.
You visited 2 branches of the dungeon, and saw 5 of its levels.

You collected 156 gold pieces.


Innate Abilities, Weirdness & Mutations

You are very small and have problems with some larger weapons.
You are too small for most types of armour.
You have supernaturally acute eyesight. (SInv)
You cover ground extremely quickly. (Speed+++)


   Skills:
 - Level 2.0 Fighting
 + Level 6.1 Ranged Weapons
 - Level 6.2 Dodging
 - Level 1.5 Stealth


You had 5 spell levels left.
You didn't know any spells.
Your spell library was empty.

Inventory:

Hand Weapons
 a - a +1 shortbow (weapon)
Armour
 c - a +0 robe (worn)
Jewellery
 g - a ring of poison resistance (right hand)
 l - a ring of protection from cold (left hand)
 Y - a ring of willpower
Wands
 d - a wand of paralysis (6)
Scrolls
 f - a scroll of identify
Potions
 b - 3 potions of enlightenment
 h - a potion of heal wounds
 k - a potion of curing {unknown}
 n - a potion of mutation {unknown}

Dungeon Overview and Level Annotations

Branches:
Dungeon (4/15)             Temple (1/1) D:4

Altars:
Elyvilon
Fedhas
Gozag
Hepliaklqana
Kikubaaqudgha
Makhleb
Nemelex Xobeh
Okawaru
Qazlal
Sif Muna
Trog
Uskayaw
Wu Jian
Xom


Message History

You shoot an arrow.
The arrow hits the black bear but does no damage.
The black bear is moderately wounded.
The black bear completely misses you. The black bear barely misses you.
The black bear completely misses you.
You shoot an arrow.
The arrow hits the black bear but does no damage.
The black bear is moderately wounded.
The black bear completely misses you. The black bear misses you. x2
You shoot an arrow. The arrow hits the black bear.
The black bear is moderately wounded.
The black bear misses you. x2; The black bear closely misses you.
You shoot an arrow. The arrow hits the black bear.
The black bear is moderately wounded.
The black bear completely misses you. The black bear misses you.
The black bear claws you.
You shoot an arrow. The arrow hits the black bear.
The black bear is heavily wounded.
The black bear completely misses you. The black bear closely misses you.
The black bear barely misses you.
You shoot an arrow. The arrow barely misses the black bear.
The black bear bites you. The black bear closely misses you.
The black bear claws you.
You shoot an arrow. The arrow hits the black bear.
The black bear is heavily wounded.
The black bear bites you! The black bear misses you.
The black bear closely misses you.
You shoot an arrow. The arrow hits the black bear!
The black bear is severely wounded.
The black bear goes berserk!
The black bear barely misses you.
The black bear completely misses you. x2
2836 ||| DRINKING potion of haste.
You feel yourself speed up.
The black bear misses you. x2; The black bear claws you.
You shoot an arrow. The arrow barely misses the black bear.
The black bear misses you. The black bear completely misses you.
The black bear misses you.
You shoot an arrow. The arrow hits the black bear.
The black bear is almost dead.
The black bear bites you!
You die...

#.##.## #......##### #.##.#
#.#..#...... #..#.# #......###.#
#..#.##########....#..#...
##...............#.##.....
########...................###..}
#........#####..########...###...
......#####)#####....# ##........
.....#...##+#...@....# #..#.##...
.......###..#..h#.%..#....#..#..}
#..).### #..'...#...)###.........
#..).# ###########)###.##.##...
#....# #).....#.....##. #..##.#
#....# #......#.....##. ##. ..#
...[.# #......#.....##. #....
#..[.# #......#)....#
###.######......%.....#


You could see a black bear (berserk).

Vanquished Creatures
  2 jellies (D:4)
  An iguana (D:4)
  Ijyb (D:4)
  An orc wizard (D:4)
  3 gnolls (D:3)
  9 adders
  3 ribbon worms (D:2)
  4 dart slugs
  3 orcs (D:4)
  10 bats
  10 endoplasms
  5 giant cockroaches
  14 goblins
  4 hobgoblins
  2 jackals (D:1)
  3 quokkas
  5 ball pythons
  A frilled lizard (D:2)
  7 kobolds
  6 rats
94 creatures vanquished.

Notes
Turn   | Place    | Note
-------+----------+-------------------------------------------
     0 | D:1      | qw the Spriggan Hunter began the quest for the Orb.
     0 | D:1      | Reached XP level 1. HP: 10/10 MP: 2/2
     0 | D:1      | 0 ||| qw: Version: 0.3-a-158-g18b3111
     0 | D:1      | 0 ||| qw: Game counter: 4182
     0 | D:1      | 0 ||| qw: Melee chars always use a shield: true
     0 | D:1      | 0 ||| qw: God list: Okawaru
     0 | D:1      | 0 ||| qw: Allow faded altars: false
     0 | D:1      | 0 ||| qw: Do Orc after clearing Dungeon:15 true
     0 | D:1      | 0 ||| qw: Do second Lair branch before Depths: true
     0 | D:1      | 0 ||| qw: Lair rune preference: random
     0 | D:1      | 0 ||| qw: Goals: Normal
     0 | D:1      | 0 ||| PLANNING D:1-11
    40 | D:1      | Reached skill level 3 in Dodging
    68 | D:1      | Reached XP level 2. HP: 14/14 MP: 3/3
   772 | D:1      | Reached XP level 3. HP: 18/18 MP: 4/4
   847 | D:1      | 847 ||| READING scroll labelled ZIKILO ITAR.
   847 | D:1      | 847 ||| IDENTIFYING bubbling golden potion
   848 | D:1      | 848 ||| DROPPING scroll of butterflies.
   849 | D:1      | 849 ||| DROPPING potion of brilliance.
  1081 | D:2      | Reached XP level 4. HP: 22/22 MP: 5/5
  1207 | D:2      | Found a faded altar of an unknown god.
  1387 | D:2      | 1387 ||| UPGRADING to ring of willpower.
  1388 | D:2      | 1388 ||| READING 3 scrolls of identify.
  1388 | D:2      | 1388 ||| IDENTIFYING fizzy grey potion
  1389 | D:2      | 1389 ||| READING 2 scrolls of identify.
  1389 | D:2      | 1389 ||| IDENTIFYING glowing white potion
  1390 | D:2      | 1390 ||| READING scroll of identify.
  1390 | D:2      | 1390 ||| IDENTIFYING lumpy grey potion
  1391 | D:2      | 1391 ||| READING scroll labelled VUEQEA CUYGI.
  1492 | D:2      | 1492 ||| READING scroll labelled TEUHOTRIXIA.
  1493 | D:2      | 1493 ||| DROPPING potion of ambrosia.
  1694 | D:3      | Found a shimmering blue altar of Sif Muna.
  1766 | D:3      | Reached XP level 5. HP: 18/26 MP: 6/6
  1832 | D:3      | HP: 4/26 [gnoll/+0 flail (12)]
  2349 | D:3      | 2349 ||| UPGRADING to ring of poison resistance.
  2350 | D:3      | 2350 ||| UPGRADING to ring of protection from cold.
  2352 | D:3      | 2352 ||| READING scroll of identify.
  2352 | D:3      | 2352 ||| IDENTIFYING fizzy inky potion
  2353 | D:3      | 2353 ||| READING scroll labelled COGGIN QEULIAT.
  2354 | D:3      | 2354 ||| READING 2 scrolls labelled UBBOCV XOYXKOTH.
  2355 | D:3      | 2355 ||| READING scroll labelled XORIACK JADAJ.
  2355 | D:3      | 2355 ||| ENCHANTING +0 shortbow.
  2356 | D:3      | 2356 ||| READING scroll labelled YNUATH QAEWA.
  2405 | D:3      | 2405 ||| DROPPING scroll of revelation.
  2439 | D:4      | Noticed Ijyb
  2442 | D:4      | Paralysed by Ijyb for 4 turns
  2451 | D:4      | Paralysed by Ijyb for 2 turns
  2454 | D:4      | Killed Ijyb
  2528 | D:4      | Reached skill level 6 in Ranged Weapons
  2593 | D:4      | Found a staircase to the Ecumenical Temple.
  2594 | D:4      | 2594 ||| PLANNING TEMPLE
  2594 | D:4      | 2594 ||| READING scroll of identify.
  2594 | D:4      | 2594 ||| IDENTIFYING fuming blue potion
  2595 | D:4      | 2595 ||| DROPPING potion of lignification.
  2651 | Temple   | Entered the Ecumenical Temple
  2652 | Temple   | 2652 ||| PLANNING OKAWARU WORSHIP
  2667 | Temple   | Became a worshipper of Warmaster Okawaru
  2668 | Temple   | 2668 ||| PLANNING D:1-11
  2777 | D:4      | Reached XP level 6. HP: 30/30 MP: 7/7
  2817 | D:4      | Reached skill level 6 in Dodging
  2836 | D:4      | 2836 ||| DRINKING potion of haste.
  2838 | D:4      | Slain by a black bear

Levels and vault maps discovered:
D:1:      saegor_arrival_simple_a, layout_basic
D:2:      kennysheep_the_goblin_king, layout_rooms,
          shapermc_ecumenical_altar_mp_highgroup, minmay_tiny_reverse_x
D:3:      layout_basic, lemuel_tele_altar, st_stairs_4
D:4:      minmay_clustersquares, layout_rooms, minmay_temple_entry_large_hall,
          uniq_ijyb
Temple:   compressed_dpeg_triangle_lava_temple

Skill      XL: |  1  2  3  4  5  6 |
---------------+-------------------+-----
Dodging        | 3 4 5 6 |  6.2
Ranged Weapons | 5 6 |  6.1
Fighting       | 2 |  2.0
Stealth        | |  1.5

Action                     |  1- 3 |  4- 6 || total
---------------------------+-------+-------++-------
   Fire: Shortbow          |   100 |   181 ||   281
    Use: Scroll            |     1 |    11 ||    12
         Potion            |       |     1 ||     1
 Armour: Robe              |    12 |    23 ||    35
  Dodge: Dodged            |    38 |    89 ||   127

Table legend:
 A = Non-vault XP
 B = Vault XP
 C = Vault XP percentage of total XP
 D = Non-vault monster count
 E = Vault monster count
 F = Vault count percentage of total count
                 A         B        C        D         E       F
            +---------+---------+-------+---------+---------+-------
      Total |     293 |     212 |  42.0 |      70 |      24 |  25.5
            +---------+---------+-------+---------+---------+-------
        D:1 |      43 |       0 |   0.0 |      24 |       0 |   0.0
        D:2 |      70 |      18 |  20.5 |      20 |       9 |  31.0
        D:3 |     109 |      26 |  19.3 |      18 |       2 |  10.0
        D:4 |      71 |     168 |  70.3 |       8 |      13 |  61.9
            +---------+---------+-------+---------+---------+-------
